 Dungeon Crawl Stone Soup version 0.29-a0-1016-g236c7fd91e (webtiles) character file.

Game seed: 12010050671979958644

87 kblaster33 the Magician (level 4, -5/31 HPs)
             Began as a Vampire Hedge Wizard on Aug 9, 2022.
             Was an Initiate of Ashenzari.
             Slain by a gnoll
             ... wielding a +0 club
              (7 damage)
             ... on level 3 of the Dungeon.
             The game lasted 00:14:25 (2858 turns).

kblaster33 the Magician (Vampire Hedge Wizard)      Turns: 2858, Time: 00:14:26

Health: -5/31      AC:  8    Str:  9    XL:     4   Next: 28%
Magic:  9/9        EV:  4    Int: 16    God:    Ashenzari [......]
Gold:   54         SH:  0    Dex: 15    Spells: 9/10 levels left

rFire   . . .      SeeInvis +   a - +0 dagger of the Cryptic Loss {Cun, Elem} (curse)
rCold   . . .      Faith    .   (no shield)
rNeg    . . .      Spirit   .   m - +0 chain mail
rPois   .          Reflect  .   c - +0 hat
rElec   .          Harm     .   (no cloak)
rCorr   .          Rampage  .   (no gloves)
Will    .....                   (no boots)
Stlth   ..........              u - amulet of magic regeneration
HPRegen 0.30/turn               (no ring)
MPRegen 0.51/turn               (no ring)

@: healing quickly
A: alive, fangs 3, see invisible, vampiric 2
a: Exsanguinate, Renounce Religion, Curse Item, Shatter the Chains


You were on level 3 of the Dungeon.
You worshipped Ashenzari.
Ashenzari was noncommittal.
You visited 1 branch of the dungeon, and saw 3 of its levels.

You collected 54 gold pieces.

Inventory:

Hand Weapons
 a - the cursed +0 dagger of the Cryptic Loss (weapon) {Cun, Elem}

   It has a curse which improves the following skills: Cunning: Dodging and
   Stealth.
   Elements:  Fire Magic, Ice Magic, Air Magic and Earth Magic.
 f - a +0 spear
 i - a +0 short sword
Armour
 b - a +0 robe
 c - a +0 hat (worn)
 m - a +0 chain mail (worn)
Jewellery
 s - a ring of positive energy
 u - an amulet of magic regeneration (around neck)
Scrolls
 e - a scroll of identify {unknown}
 g - 3 scrolls of fear {unknown}
 k - a scroll of summoning {unknown}
 l - a scroll of magic mapping {unknown}
 q - a scroll of acquirement {unknown}
Potions
 d - a potion of magic
 h - a potion of mutation {unknown}
 j - a potion of brilliance {unknown}
 n - a potion of haste {unknown}
 o - a potion of might {unknown}
 p - a potion of heal wounds {unknown}
 r - a potion of lignification {unknown}
 t - a potion of ambrosia {unknown}
 v - a potion of degeneration {unknown}


   Skills:
 + Level 0.6 Fighting
 + Level 1.7 Short Blades
 + Level 0.5 Armour
 + Level 3.0(3.4) Dodging
 + Level 3.6(4.0) Stealth
 + Level 3.7 Spellcasting
 + Level 0.6 Conjurations
 + Level 1.0 Summonings
 + Level 0.7 Translocations


You had 9 spell levels left.
You knew the following spells:

 Your Spells              Type           Power      Damage    Failure   Level
a - Magic Dart            Conj           16%        1d3       100%        1

Your spell library contained the following spells:

 Spells                   Type           Power      Damage    Failure   Level
 Slow                     Hex            8%         N/A       100%        1
 Blink                    Tloc           10%        N/A       100%        2
 Call Imp                 Summ           6%         N/A       100%        2
 Static Discharge         Conj/Air       4%         3-4/arc   100%        2
 Conjure Flame            Conj/Fire      4%         6-21      100%        3
 Gell's Gravitas          Tloc           5%         N/A       100%        3
 Mephitic Cloud           Conj/Pois/Air  3%         N/A       100%        3
 Teleport Other           Tloc           5%         N/A       100%        3
 Dispel Undead            Necr           2%         3d7       100%        4
 Sticky Flame             Conj/Fire      4%         2d3       100%        4
 Dispersal                Tloc           2%         N/A       100%        6


Dungeon Overview and Level Annotations

Branches:
Dungeon (3/15)

Altars:
Ashenzari

Shops:
D:2 (


Innate Abilities, Weirdness & Mutations

Your natural rate of healing is accelerated.
You have razor-sharp teeth.
You have supernaturally acute eyesight. (SInv)
You are afflicted with vampirism and can become a bat while bloodless.


Message History

The orc hits you but does no damage.
The gnoll shouts!
You hit the orc. Your bite misses the orc.
The orc is severely wounded.
You hear a shout! x2
The goblin hits you with a +0 dagger.
The hobgoblin hits you but does no damage.
The gnoll hits you but does no damage.
The orc priest hits you but does no damage.
The orc hits you but does no damage.
The hobgoblin hits you but does no damage.
The orc hits you with a +0 whip. The gnoll hits you but does no damage.
The gnoll hits you with a +0 club.
A gnoll comes into view. It is wielding a +0 spear.
The orc priest hits you but does no damage.
The orc hits you but does no damage.
A gnoll comes into view. It is wielding a +0 spear.
The hobgoblin hits you.
You closely miss the gnoll. You bite the gnoll.
The gnoll is moderately wounded.
The gnoll hits you but does no damage. The gnoll hits you with a +0 club.
The goblin hits you with a +0 dagger.
* * * LOW HITPOINT WARNING * * *
The hobgoblin hits you.
* * * LOW HITPOINT WARNING * * *
The orc barely misses you. The orc hits you but does no damage.
You barely miss the goblin.
A gnoll comes into view. It is wielding a +0 spear.
The gnoll hits you with a +0 whip.
* * * LOW HITPOINT WARNING * * *
The gnoll completely misses you. The goblin hits you but does no damage.
The orc hits you with a +0 club.
* * * LOW HITPOINT WARNING * * *
The hobgoblin completely misses you. The orc hits you but does no damage.
You miss the goblin.
The gnoll shouts!
You bite the goblin.
The goblin is almost dead.
The hobgoblin closely misses you. The gnoll hits you with a +0 club!
You die...

....g ... .... ... # >.
..g .. #.. ..# ..###.#
..# ... .....# ..
#.#.##gg..##### #.###
..#...og#.....###...# ##
.....oo@g## #.....#.# #.
......ggo.# #....###.
..(....o..######.....##.
................####....
.......)........####....
..................#.#†#.
........................
..#.............###.#.#.
#...###.........##......


You could see an orc priest, 6 gnolls, 4 orcs, a hobgoblin and a goblin.

Vanquished Creatures
  3 adders (D:2)
  A worm (D:3)
  4 dart slugs
  4 bats
  An endoplasm (D:1)
  A giant cockroach (D:1)
  2 goblins
  13 hobgoblins
  3 jackals (D:2)
  3 quokkas
  4 frilled lizards
  3 kobolds
  5 rats
47 creatures vanquished.

Notes
Turn   | Place    | Note
-------+----------+-------------------------------------------
     0 | D:1      | kblaster33 the Vampire Hedge Wizard began the quest for the
                  | Orb.
     0 | D:1      | Reached XP level 1. HP: 13/13 MP: 4/4
   101 | D:1      | Found a faded altar of an unknown god.
   104 | D:1      | Prayed at the altar of an unknown god.
   104 | D:1      | Became a worshipper of Ashenzari the Shackled
   182 | D:1      | Reached XP level 2. HP: 19/19 MP: 6/6
  1036 | D:1      | Gained mutation: You are afflicted with vampirism and can
                  | become a bat while bloodless. [Vampire growth]
  1036 | D:1      | Reached XP level 3. HP: 17/24 MP: 8/8
  1510 | D:2      | Reached skill level 1 in Short Blades
  1541 | D:2      | Found Qeotia's Antique Weapon Boutique.
  1973 | D:2      | Reached XP level 4. HP: 9/31 MP: 9/9
  2697 | D:2      | You fall into a shaft and drop 1 floor!
  2858 | D:3      | Slain by a gnoll

Illustrated notes

Levels and vault maps discovered:
D:1:      lightli_arrival_noodles, layout_loops_corners,
          chequers_ecumenical_altar_simple, chequers_serial_rivers_micro_a
D:2:      layout_basic, serial_shops, shop
D:3:      layout_rooms, st_stairs_13

Skill      XL: |  1  2  3 |
---------------+----------+-----
Short Blades   | 1 |  1.7
Dodging        | 3 |  3.0
Fighting       | |  0.6
Armour         | |  0.5
Stealth        | |  3.6
Spellcasting   | |  3.7
Conjurations   | |  0.6
Summonings     | |  1.0
Translocations | |  0.7

Action                   |  1- 3 |  4- 6 || total
-------------------------+-------+-------++-------
Melee: Dagger            |   211 |    42 ||   253
       Bite              |    21 |     7 ||    28
       Punch             |     1 |       ||     1
Invok: Curse Item        |     1 |       ||     1
 Stab: Sleeping          |     5 |       ||     5
Armor: Robe              |    35 |       ||    35
       Chain mail        |    68 |    40 ||   108
Dodge: Dodged            |   141 |    15 ||   156

Table legend: (Time is in decaauts)
 A = Elapsed time spent in this place.
 B = Non-inter-level travel time spent in this place.
 C = Inter-level travel time spent in this place.
 D = Time resting spent in this place.
 E = Time spent auto-exploring this place.
 F = Levels seen in this place.
 G = Mean time per level.
                   A        B        C        D        E       F      G
               +--------+--------+--------+--------+--------+-----+--------+
         Total |   2850 |   2850 |      0 |      0 |      0 |   3 |  950.0 |
       Dungeon |   2850 |   2850 |      0 |      0 |      0 |   3 |  950.0 |
               +--------+--------+--------+--------+--------+-----+--------+

Top non-repeatable levels by time:
     D:1: 1355 daAuts
     D:2: 1335 daAuts
     D:3: 159 daAuts
